 Dungeon Crawl Stone Soup version 0.20-a0-785-g17250f0 (webtiles) character file.

691 nono the Skirmisher (level 7, 0/39 HPs)
             Began as a Vine Stalker Hunter on Feb 27, 2017.
             Was an Initiate of Okawaru.
             Killed by divine providence
             ... invoked by an orc priest
              (9 damage)
             ... on level 8 of the Dungeon.
             The game lasted 00:11:42 (1819 turns).

nono the Skirmisher (Vine Stalker Hunter)           Turns: 1819, Time: 00:11:42

Health: 0/39       AC:  7    Str: 17    XL:     7   Next: 63%
Magic:  0/8        EV: 12    Int: 11    God:    Okawaru [......]
Gold:   159        SH:  0    Dex: 14    Spells: 6/6 levels left

rFire    . . .     SeeInvis .   a - +0 short sword
rCold    . . .     Gourm    .   r - +0 leather armour (curse)
rNeg     . . .     Faith    .   (no shield)
rPois    .         Spirit   +   (no helmet)
rElec    .         Reflect  .   (no cloak)
rCorr    .         Harm     .   s - +2 pair of gloves
MR       .....                  u - +0 pair of boots
Stlth    ++........             (no amulet)
Regen    0.6/turn               (no ring)
MPRegen  0.2/turn               (no ring)

@: lethally poisoned (0 -> 0)
A: fangs 2, regeneration 1, magic shield, antimagic bite, no potion heal 3, rot
immunity
a: Renounce Religion


You were on level 8 of the Dungeon.
You worshipped Okawaru.
Okawaru was noncommittal.
You were very hungry.

You visited 2 branches of the dungeon, and saw 9 of its levels.

You collected 159 gold pieces.

Inventory:

Hand Weapons
 a - a +0 short sword (weapon)
Armour
 b - a +0 leather armour
 m - a +0 pair of gloves
 p - a +2 pair of gloves
 r - a cursed +0 leather armour (worn)
 s - a +2 pair of gloves (worn)
 u - a +0 pair of boots (worn)
Scrolls
 e - 3 scrolls of fog {unknown}
 g - 2 scrolls of immolation {unknown}
 h - 6 scrolls of identify {unknown}
 j - a scroll of teleportation {unknown}
 n - 2 scrolls of remove curse {unknown}
 q - a scroll of fear {unknown}
 w - a scroll of magic mapping {unknown}
 x - a scroll of amnesia {unknown}
Potions
 k - 4 potions of curing {unknown}
 l - 2 potions of haste {unknown}
 o - a potion of heal wounds {unknown}
 t - a potion of lignification {unknown}
 v - a potion of might {unknown}
Comestibles
 d - a meat ration
 f - 5 bread rations
 i - a royal jelly


   Skills:
 + Level 5.5 Fighting
 + Level 5.0 Short Blades
 - Level 3.6 Throwing
 - Level 1.5 Dodging
 - Level 1.2 Stealth


You had 6 spell levels left.
You didn't know any spells.

Dungeon Overview and Level Annotations

Branches:
Dungeon (8/15)             Temple (1/1) D:6
   Lair: D:8-11

Altars:
Ashenzari
Cheibriados
Dithmenos
Elyvilon
Fedhas
Gozag
Hepliaklqana
Kikubaaqudgha
Makhleb
Nemelex Xobeh
Okawaru
Qazlal
Ru
Trog
Uskayaw
Vehumet
Wu Jian
Xom
Yredelemnul
Zin
The Shining One


Innate Abilities, Weirdness & Mutations

You have extremely sharp teeth.
Your natural rate of healing is unusually fast.
When hurt, damage is shared between your health and your magic reserves.
Your bite disrupts and absorbs the magic of your enemies.
Potions cannot restore your health.
You are immune to rotting.


Message History

Throwing (i - inventory):
y - 2 tomahawks (quivered)
Press: ? - help, Shift-Dir - straight line, f/p - orc priest
Aim: an orc priest, wielding a flail You throw a tomahawk.
You feel sick.
The orc priest looks braver for a moment.
You feel sick.
Throwing (i - inventory):
y - a tomahawk (quivered)
Press: ? - help, Shift-Dir - straight line, f/p - orc priest
Aim: an orc priest, wielding a flail You throw a tomahawk.
The tomahawk hits the two-headed ogre but does no damage.
The two-headed ogre closely misses you.
The two-headed ogre hits you with a giant spiked club!
* * * LOW HITPOINT WARNING * * *
You feel sick.
The orc priest casts a cantrip, but nothing happens.
You feel sick.
The orc priest mumbles some strange prayers to Beogh against you.
Beogh smites you!
You die...

#)#####.# #.#..<#
#.#.### #o#.# #.#.#
#.#.# #O#.# #.#.#
############@#.#########
#............#.........#
#.####################.#
#.# ######### #†# #.#
#.......# #.# #.#
#.#####.# #.# #.# #.###
#.# #.# #.# #...# #.#
#.# #.#######.#
#.########.#


You could see a two-headed ogre and an orc priest.

Vanquished Creatures
  An orc warrior (D:6)
  An ogre (D:4)
  A bullfrog (D:6)
  A scorpion (D:8)
  2 jellies (D:6)
  5 orc priests
  An orc wizard (D:4)
  An iguana (D:5)
  2 worker ants
  A howler monkey skeleton (D:4)
  3 gnolls (D:4)
  An adder (D:3)
  An ooze (D:4)
  A dart slug (D:2)
  2 leopard geckos
  8 orcs
  A giant cockroach (D:4)
  A goblin (D:5)
  A hobgoblin (D:3)
  2 jackals (D:5)
  2 quokkas
  3 ball pythons
  A bat (D:3)
  A jackal skeleton (D:4)
  A kobold (D:3)
  A rat (D:3)
46 creatures vanquished.

Notes
Turn   | Place    | Note
-------+----------+-------------------------------------------
     0 | D:1      | nono the Vine Stalker Hunter began the quest for the Orb.
     0 | D:1      | Reached XP level 1. HP: 11/11 MP: 2/2
    55 | D:2      | Found a blossoming altar of Fedhas.
   199 | D:3      | Reached skill level 1 in Short Blades
   199 | D:3      | Reached XP level 2. HP: 9/15 MP: 3/3
   446 | D:5      | Entered Level 5 of the Dungeon
   547 | D:4      | Noticed an ogre
   555 | D:4      | Killed an ogre
   555 | D:4      | Reached XP level 3. HP: 20/20 MP: 4/4
   555 | D:4      | Gained mutation: Your natural rate of healing is unusually fast. [Vine Stalker growth]
   555 | D:4      | Reached XP level 4. HP: 24/24 MP: 5/5
   568 | D:4      | Reached XP level 5. HP: 28/28 MP: 6/6
   791 | D:5      | Reached XP level 6. HP: 8/33 MP: 2/7
  1122 | D:5      | Found a sparkling altar of Nemelex Xobeh.
  1319 | D:6      | Reached XP level 7. HP: 21/38 MP: 4/8
  1323 | D:6      | Reached skill level 5 in Fighting
  1359 | D:6      | Found a staircase to the Ecumenical Temple.
  1365 | Temple   | Entered the Ecumenical Temple
  1403 | Temple   | Became a worshipper of Warmaster Okawaru
  1807 | D:8      | Reached skill level 5 in Short Blades
  1809 | D:8      | Noticed a two-headed ogre
  1819 | D:8      | Killed from afar by an orc priest

Vault maps used:
D:1:      minmay_arrival_doors
D:2:      first_bread, fedhas_altar_1, uniq_jessica, uniq_iyjb
D:5:      nemelex_spade_bored_becter
D:6:      minmay_temple_entry_enclosed_plants
D:7:      kennysheep_mini, serial_shops, nicolae_shop_overgrown_old_shop,
          the_bakery, grunt_ministairs_1, nicolae_elemental_shop,
          uniq_prince_ribbit1
D:8:      serial_shops, shop, shop
Temple:   dpeg_three_leaves_temple

Skill      XL: |  1  2  3  4  5  6  7 |
---------------+----------------------+-----
Fighting       | 2 3 4 5 |  5.5
Short Blades   | 1 2 3 4 5 |  5.0
Throwing       | |  3.6
Dodging        | |  1.5
Stealth        | |  1.2

Action                   |  1- 3 |  4- 6 |  7- 9 || total
-------------------------+-------+-------+-------++-------
Melee: Short sword       |    43 |   136 |    51 ||   230
       Bite              |    13 |    39 |    15 ||    67
Throw: Javelin           |    11 |     9 |     5 ||    25
       Throwing net      |     2 |     2 |     2 ||     6
       Tomahawk          |       |       |     8 ||     8
 Stab: Held in net/web   |     4 |     1 |     3 ||     8
       Sleeping          |       |     1 |     1 ||     2
  Eat: Chunk             |       |       |     2 ||     2
Armor: Leather armour    |     6 |    35 |    11 ||    52
Dodge: Dodged            |    23 |    86 |    28 ||   137
